 Dungeon Crawl Stone Soup version 0.23.2-1-ga50397a6bc (webtiles) character file.

Game seed: 14970611625169106896

170 Marnok the Poker (level 5, -3/70 HPs)
             Began as a Minotaur Berserker on Apr 19, 2019.
             Was a Believer of Trog.
             Slain by an orc
             ... wielding a cursed +0 mace
              (5 damage)
             ... on level 3 of the Dungeon.
             The game lasted 00:04:54 (2168 turns).

Marnok the Poker (Minotaur Berserker)               Turns: 2168, Time: 00:04:55

Health: -3/70      AC:  6    Str: 27    XL:     5   Next: 26%
Magic:  4/4        EV: 12    Int:  4    God:    Trog [**....]
Gold:   88         SH:  0    Dex: 10    Spells: 4/4 levels left

rFire    + . .     SeeInvis .   a - +0 spear
rCold    . . .     Gourm    .   (no shield)
rNeg     . . .     Faith    .   d - +1 ring mail {rF+}
rPois    .         Spirit   .   (helmet restricted)
rElec    .         Reflect  .   (no cloak)
rCorr    .         Harm     .   (no gloves)
MR       .....                  (no boots)
Stlth    ..........             (no amulet)
HPRegen  0.21/turn              (no ring)
MPRegen  0.09/turn              (no ring)

@: berserking, lethally poisoned (-3 -> -39), very quick
A: retaliatory headbutt, horns 2
a: Berserk, Trog's Hand, Renounce Religion


You were on level 3 of the Dungeon.
You worshipped Trog.
Trog was pleased with you.
You were not hungry.

You visited 1 branch of the dungeon, and saw 3 of its levels.

You collected 88 gold pieces.

Inventory:

Hand Weapons
 a - a +0 spear (weapon)
Armour
 b - a +0 animal skin
 d - a +1 ring mail of fire resistance (worn)
Jewellery
 m - a +2 ring of evasion {unknown}
Scrolls
 e - a scroll of random uselessness {unknown}
 f - a scroll of enchant armour {unknown}
 h - a scroll of teleportation {unknown}
 i - a scroll of amnesia {unknown}
 j - 3 scrolls of identify {unknown}
 k - 4 scrolls of remove curse {unknown}
Potions
 g - a potion of haste
Comestibles
 c - 3 rations


   Skills:
 + Level 4.5 Fighting
 + Level 5.5 Polearms
 + Level 3.4 Armour
 + Level 3.1 Dodging
 + Level 0.3 Stealth


You had 4 spell levels left.
You didn't know any spells.
Your spell library was empty.

Dungeon Overview and Level Annotations

Branches:
Dungeon (3/15)

Altars:

Annotations:
D:3 Natasha


Innate Abilities, Weirdness & Mutations

You reflexively headbutt those who attack you in melee.
You have a pair of horns on your head.


Message History

You puncture the gnoll!
You kill the gnoll!
Trog accepts your kill.
* * * LOW HITPOINT WARNING * * *
You feel sick. The gnoll closely misses you.
The orc throws a stone.
The stone barely misses you.
You are too berserk!
* * * LOW HITPOINT WARNING * * *
You feel very sick. Natasha casts a spell at you. The magic dart hits you.
* * * LOW HITPOINT WARNING * * *
Things that are here:
a +0 whip; a gnoll corpse You puncture the gnoll!
You kill the gnoll!
Trog accepts your kill.
* * * LOW HITPOINT WARNING * * *
You feel sick. The orc hits you with a cursed +0 mace.
You die...

..[.....#
#######.# #.# #.#
#.# #.# #.# #.#
#.# #.#######.# #
#....[.##.###.####
######.##.oh...(..
# #...)@5...... #
####.###.#### #.#
#.# ...# #.# #...
#.# ##.# #.# # .#
#.# # #.# . ...


You could see Natasha, a white imp and an orc.

Vanquished Creatures
  2 orc wizards (D:3)
  3 gnolls (D:3)
  2 adders
  An ooze (D:2)
  A worm (D:2)
  A dart slug (D:2)
  2 orcs (D:3)
  A ball python (D:3)
  4 bats
  3 giant cockroaches
  5 goblins
  6 hobgoblins
  10 jackals
  A quokka (D:2)
  8 frilled lizards
  6 kobolds (D:1)
  6 rats
62 creatures vanquished.

Notes
Turn   | Place    | Note
-------+----------+-------------------------------------------
     0 | D:1      | Marnok the Minotaur Berserker began the quest for the Orb.
     0 | D:1      | Reached XP level 1. HP: 19/19 MP: 0/0
    97 | D:1      | Reached XP level 2. HP: 21/27 MP: 1/1
   101 | D:1      | Reached skill level 4 in Polearms
   495 | D:1      | Reached ** piety under Trog
   495 | D:1      | Reached XP level 3. HP: 33/33 MP: 2/2
  1406 | D:2      | Reached skill level 5 in Polearms
  1549 | D:2      | Reached XP level 4. HP: 40/40 MP: 3/3
  1922 | D:3      | Reached XP level 5. HP: 28/47 MP: 4/4
  2160 | D:3      | Noticed Natasha
  2167 | D:3      | HP: 3/70 [Natasha/magic dart (3)]
  2168 | D:3      | Slain by an orc

Skill      XL: |  1  2  3  4 |
---------------+-------------+-----
Polearms       | 4 5 |  5.5
Fighting       | 4 |  4.5
Armour         | 3 |  3.4
Dodging        | 3 |  3.1
Stealth        | |  0.3

Action                   |  1- 3 |  4- 6 || total
-------------------------+-------+-------++-------
Melee: Spear             |   106 |    66 ||   172
       Headbutt          |    13 |     3 ||    16
Invok: Berserk           |       |     1 ||     1
  Use: Potion            |       |     3 ||     3
  Eat: Chunk             |     2 |       ||     2
       Ration            |       |     1 ||     1
Armor: Animal skin       |     7 |       ||     7
       Ring mail         |    50 |    22 ||    72
       Skin              |       |    38 ||    38
Dodge: Dodged            |    87 |    26 ||   113
